 Dungeon Crawl Stone Soup version 0.21.1-1-g345015f (webtiles) character file.

1769 glosham the Thaumaturge (level 8, -15/63 HPs)
             Began as a Mummy Earth Elementalist on May 29, 2018.
             Killed from afar by a steam dragon (16 damage)
             ... with a ball of steam
             ... on level 7 of the Dungeon.
             The game lasted 01:10:19 (4616 turns).

glosham the Thaumaturge (Mummy Earth Elementalist)  Turns: 4616, Time: 01:10:21

Health: -15/63     AC:  9    Str: 20    XL:     8   Next: 80%
Magic:  15/32      EV: 12    Int: 16    God:
Gold:   263        SH:  0    Dex: 13    Spells: 18/29 levels left

rFire    x . .     SeeInvis .   a - +4 long sword
rCold    . . .     Gourm    .   (no shield)
rNeg     + + +     Faith    .   X - +1 animal skin
rPois    ∞         Spirit   .   U - +1 helmet "Xaihylyl" {rC- MR+ Str+2}
rElec    .         Reflect  .   (no cloak)
rCorr    .         Harm     .   V - +0 pair of gloves
MR       ++...                  W - +2 pair of boots of Dramatic Exits {Str+7}
Stlth    ++........             (no amulet)
HPRegen  0.20/turn              A - ring of magical power
MPRegen  0.23/turn              B - ring of wizardry

@: very slightly contaminated
A: no food or potions, fire vulnerability, cold resistance 1, negative energy
resistance 3, torment resistance, unbreathing
a: no special abilities


You were on level 7 of the Dungeon.
You were not hungry.

You visited 1 branch of the dungeon, and saw 7 of its levels.

You collected 263 gold pieces.

Inventory:

Hand Weapons
 a - a +4 long sword (weapon)
 b - a +1 dagger of venom
 c - a +1 dagger of draining
 o - a +0 flail
 p - a +0 bardiche
 q - a +0 dire flail
 r - a +0 rapier
 v - a +0 quarterstaff
 w - a +0 trident
 I - a +0 rapier
 J - a +0 spear
 R - a +0 rapier
 Z - a +0 hunting sling
Missiles
 f - 50 arrows
 i - 76 stones (quivered)
 l - 20 sling bullets
 z - 3 tomahawks of returning
 D - 5 tomahawks
Armour
 h - a +0 leather armour
 k - a +0 leather armour
 m - a +0 scale mail
 n - a +0 leather armour
 s - a +0 leather armour
 t - a +0 ring mail
 C - a +0 ring mail
 E - a +0 scale mail
 F - a +0 scale mail
 G - a +0 leather armour
 H - a +0 shield
 L - a +0 ring mail
 O - a +0 chain mail
 P - a +0 leather armour
 Q - a +0 chain mail
 S - a +0 ring mail
 U - the +1 helmet "Xaihylyl" (worn) {rC- MR+ Str+2}
   (You took it off Robin on level 3 of the Dungeon)

   It affects your strength (+2).
   It makes you vulnerable to cold.
   It affects your resistance to hostile enchantments.
 V - a +0 pair of gloves (worn)
 W - the +2 pair of boots of Dramatic Exits (worn) {Str+7}
   (You found it on level 4 of the Dungeon)

   It affects your strength (+7).
 X - a +1 animal skin (worn)
 Y - a +0 helmet
Jewellery
 A - a ring of magical power (left hand)
 B - a ring of wizardry (right hand)
 M - an uncursed ring of protection from magic
Wands
 y - a wand of flame (11)
Scrolls
 e - 4 scrolls of fog
 g - a scroll of immolation {unknown}
 j - 3 scrolls of teleportation
 u - 2 scrolls of magic mapping {unknown}
 N - a scroll of enchant armour {unknown}
Books
 d - a book of Geomancy

   Spells                             Type                      Level
   a - Sandblast                      Earth                        1
   b - Passwall                       Transmutation/Earth          2
   c - Stone Arrow                    Conjuration/Earth            3
   d - Petrify                        Transmutation/Earth          4
   e - Lee's Rapid Deconstruction     Earth                        5
 x - a book of Changes

   Spells                             Type                      Level
   a - Beastly Appendage              Transmutation                1
   b - Sticks to Snakes               Transmutation                2
   c - Spider Form                    Transmutation/Poison         3
   d - Ice Form                       Ice/Transmutation            4
   e - Blade Hands                    Transmutation                5


   Skills:
 + Level 5.4 Fighting
 - Level 1.5 Dodging
 - Level 1.5 Stealth
 * Level 11.3 Spellcasting
 - Level 0.7 Transmutations
 + Level 3.5 Earth Magic


You had 18 spell levels left.
You knew the following spells:

 Your Spells              Type           Power        Failure   Level  Hunger
l - Lee's Rapid Deconstr  Erth           ###.......   21%         5    N/A
x - Sandblast             Erth           ###...       1%          1    N/A
P - Passwall              Tmut/Erth      ###.......   1%          2    N/A
X - Stone Arrow           Conj/Erth      ##....       4%          3    N/A

Dungeon Overview and Level Annotations

Branches:
Dungeon (7/15)
 Temple: D:4-7

Altars:
Trog

Shops:
D:4 [


Innate Abilities, Weirdness & Mutations

You do not eat or drink.
Your flesh is vulnerable to fire.
You are immune to poison.
Your flesh is cold resistant. (rC+)
You are immune to negative energy. (rN+++)
You are immune to unholy pain and torment.
You can survive without breathing.


Message History

Press: ? - help, Shift-Dir - straight line, f/p - steam dragon
Aim: a steam dragon (black smoke, lava, heavily wounded, catching its breath)
The stone arrow hits the steam dragon.
The steam dragon is severely wounded.
The steam dragon closely misses you.
You riposte.
You hit the steam dragon.
The steam dragon is severely wounded.
The steam dragon barely misses you.
Found a bloodstained altar of Trog.
Casting: Stone Arrow
Confirm with . or Enter, or press ? or * to list all spells.
Aiming: Stone Arrow
Press: ? - help, Shift-Dir - straight line, f/p - steam dragon
Aim: a steam dragon (severely wounded)
The stone arrow misses the steam dragon.
The steam dragon barely misses you. The steam dragon claws you.
Casting: Stone Arrow
Confirm with . or Enter, or press ? or * to list all spells.
Aiming: Stone Arrow
Press: ? - help, Shift-Dir - straight line, f/p - steam dragon
Aim: a steam dragon (severely wounded)
You miscast Stone Arrow.
You are very lightly contaminated with residual magic.
You feel a strange surge of energy! The steam dragon bites you.
The steam dragon closely misses you.
Casting: Stone Arrow
Confirm with . or Enter, or press ? or * to list all spells.
Aiming: Stone Arrow
Press: ? - help, Shift-Dir - straight line, f/p - steam dragon
Aim: a steam dragon (severely wounded)
You miscast Stone Arrow.
You feel momentarily lethargic. The steam dragon breathes steam at you.
The ball of steam hits you! The steam scalds you terribly!
* * * LOW HITPOINT WARNING * * *
You hear a shout!
Okay, then.
You are engulfed in a cloud of scalding steam.
* * * LOW HITPOINT WARNING * * *
The steam dragon breathes steam at you. The ball of steam hits you!
The steam scalds you terribly!
You die...

### #≈≈ # .. #≈#
⌠## . #§# §≈≈# .
#§# ...≈ .K #.
##§#§...≈§ K>
#.#.## #..'.._.≈#
#.
#....§##@≈#§..§§§
#.. #§§§D≈# ...§#
#.# #. ##§##≈#
≈§§# ##.###
#.###.##≈## ⌠##
.....#
#.##....≈≈# #
...)<#
#.#.......##
....)#
#..........#
.....#
#.....)....#
##.#####
#..........#


You could see a steam dragon.

Vanquished Creatures
  Menkaure (D:5)
  An ice beast (D:5)
  2 phantoms
  A black bear (D:6)
  An ogre (D:5)
  2 necrophages
  2 scorpions
  3 wights
  A howler monkey (D:6)
  2 crimson imps (D:5)
  A bullfrog skeleton (D:4)
  An orc priest (D:3)
  5 orc wizards
  5 hounds
  An iguana (D:4)
  3 worker ants
  Robin (D:3)
  10 adders
  An adder skeleton (D:5)
  3 worms
  A dart slug (D:3)
  7 leopard geckos
  21 orcs
  4 giant cockroaches
  17 goblins
  6 hobgoblins
  19 jackals
  5 kobolds
  3 quokkas
  2 ball pythons
  4 bats
  6 frilled lizards
  A giant cockroach zombie (D:5)
  2 quokka skeletons
  5 rats
150 creatures vanquished.

Notes
Turn   | Place    | Note
-------+----------+-------------------------------------------
     0 | D:1      | glosham the Mummy Earth Elementalist began the quest for the Orb.
     0 | D:1      | Reached XP level 1. HP: 13/13 MP: 4/4
    51 | D:1      | Reached skill level 3 in Spellcasting
   430 | D:2      | Reached XP level 2. HP: 19/19 MP: 6/6
   562 | D:2      | Learned a level 2 spell: Passwall
   577 | D:3      | Reached skill level 4 in Spellcasting
   577 | D:3      | Reached XP level 3. HP: 13/24 MP: 9/9
   590 | D:2      | Reached skill level 5 in Spellcasting
  1137 | D:3      | Reached XP level 4. HP: 27/30 MP: 11/11
  1369 | D:4      | Reached skill level 6 in Spellcasting
  1445 | D:4      | Reached XP level 5. HP: 20/35 MP: 13/13
  1484 | D:4      | Found Laguam's Antique Armour Shop.
  1683 | D:4      | Noticed a necrophage
  1696 | D:4      | Killed a necrophage
  1696 | D:4      | Reached skill level 1 in Fighting
  1696 | D:4      | Reached skill level 7 in Spellcasting
  1826 | D:4      | Reached XP level 6. HP: 41/44 MP: 16/16
  1828 | D:4      | Identified the +2 pair of boots of Dramatic Exits {Str+7} (You found it on level 4 of the Dungeon)
  1967 | D:4      | Reached skill level 2 in Fighting
  2116 | D:4      | Reached skill level 8 in Spellcasting
  2176 | D:5      | Entered Level 5 of the Dungeon
  2270 | D:5      | Reached XP level 7. HP: 51/51 MP: 19/19
  2384 | D:5      | Reached skill level 3 in Fighting
  2422 | D:5      | Reached skill level 9 in Spellcasting
  2635 | D:5      | Noticed Menkaure
  2644 | D:5      | Killed Menkaure
  2644 | D:5      | Reached skill level 4 in Fighting
  2784 | D:5      | Reached skill level 10 in Spellcasting
  2833 | D:5      | Reached XP level 8. HP: 50/61 MP: 22/22
  3268 | D:6      | Reached skill level 3 in Earth Magic
  3296 | D:6      | Reached skill level 5 in Fighting
  3310 | D:6      | Reached skill level 11 in Spellcasting
  3831 | D:7      | Learned a level 3 spell: Stone Arrow
  4287 | D:3      | Noticed Robin
  4313 | D:3      | Killed Robin
  4326 | D:3      | Got a smoking helmet
  4337 | D:3      | Identified the +1 helmet "Xaihylyl" {rC- MR+ Str+2} (You took it off Robin on level 3 of the Dungeon)
  4447 | D:3      | Learned a level 5 spell: Lee's Rapid Deconstruction
  4607 | D:7      | Found a bloodstained altar of Trog.
  4616 | D:7      | HP: 1/63 [steam dragon] (10)]
  4616 | D:7      | Killed from afar by a steam dragon

Skill      XL: |  1  2  3  4  5  6  7  8 |
---------------+-------------------------+-----
Spellcasting   | 3 4 5 6 7 8 10 11 | 11.3
Fighting       | 1 2 4 5 |  5.4
Earth Magic    | 3 |  3.5
Dodging        | |  1.5
Stealth        | |  1.5
Transmutations | |  0.7

Action                   |  1- 3 |  4- 6 |  7- 9 || total
-------------------------+-------+-------+-------++-------
Melee: Hand axe          |    38 |     1 |       ||    39
       Rapier            |       |    49 |   177 ||   226
       Long sword        |       |       |    58 ||    58
 Cast: Sandblast         |    34 |    83 |    73 ||   190
       Stone Arrow       |       |       |    10 ||    10
Evoke: Wand              |       |       |     9 ||     9
  Use: Scroll            |       |     4 |     3 ||     7
 Stab: Sleeping          |       |       |     1 ||     1
Armor: Robe              |    18 |    30 |    80 ||   128
Dodge: Dodged            |    59 |    52 |   177 ||   288
       Rpst.: Long sword |       |       |    12 ||    12

Table legend:
 A = Turns spent in this place as a percentage of turns spent in the entire game.
 B = Non-inter-level travel turns spent in this place as a percentage of non-inter-level travel turns spent in the entire game.
 C = Inter-level travel turns spent in this place as a percentage of turns spent in this place.
 D = Turns resting spent in this place as a percentage of non-inter-level travel turns spent in this place.
 E = Turns spent auto-exploring this place as a percentage of non-inter-level travel turns spent in this place.
 F = Non-inter-level travel turns spent in this place divided by the number of levels of this place that you've seen.
                   A       B       C       D       E      F
               +-------+-------+-------+-------+-------+----------------------
         Total | 100.0 | 100.0 |  13.3 |   0.5 |   1.9 | 571.6
       Dungeon | 100.0 | 100.0 |  13.3 |   0.5 |   1.9 | 571.6
               +-------+-------+-------+-------+-------+----------------------

Table legend:
 A = Kills in this place as a percentage of kills in entire the game.
 B = Kills by you in this place as a percentage of kills by you in the entire game.
 C = Kills by friends in this place as a percentage of kills by friends in the entire game.
 D = Other kills in this place as a percentage of other kills in the entire game.
 E = Experience gained in this place as a percentage of experience gained in the entire game.
 F = Experience gained in this place divided by the number of levels of this place that you have seen.
                   A       B       C       D       E      F
               +-------+-------+-------+-------+-------+----------------------
         Total | 100.0 | 100.0 |   N/A |   N/A | 100.0 | 361.1
       Dungeon | 100.0 | 100.0 |   N/A |   N/A | 100.0 | 361.1
               +-------+-------+-------+-------+-------+----------------------

Vault maps used:
D:1:      dpeg_arrival_radiant
D:3:      serial_glass, glass_columns_c, glass_columns_c, uniq_robin
D:4:      serial_shops, shop
D:5:      first_ration, uniq_menkaure
D:7:      lightli_temple_of_fire, minmay_temple_entry_glass, serial_shops,
          nicolae_shop_temple_entry_statues_fountains, shop, shop, shop,
          nicolae_shop_statue_plus
